Map: Alcyone LE

Players

A.I. 1 (Very Easy)

  • Race: Protoss Protoss
  • Spawn Location: 7:00

Cyanine - Winner!

  • Race: Terran Terran
  • Spawn Location: 1:00

VOD

Have the link to the VOD?

Description

Time

  • Played on: Nov. 21, 2023, 10:41 a.m.
  • Length: 13:31
Show
View Real Time Build Order
Export as new Build Order

A.I. 1 (Very Easy) Protoss 

Build Orders: 1 Gate Expand, Nexus First 

Get SALT Encoding   

  12  0:00  Probe  
  13  0:13  Probe  
  14  0:20  Pylon  
  14  0:42  Gateway  
  14  1:01  Nexus  
  14  1:19  Pylon  
  14  1:21  Zealot  
  14  1:22  Assimilator  
  16  1:33  Probe  
  16  1:35  Cybernetics Core  
  17  1:41  Probe  
  18  1:51  Probe  
  19  2:01  Probe  
  19  2:02  Assimilator  
  19  2:06  Stalker  
  20  2:09  Probe  
  23  2:18  Probe  
  24  2:25  Probe  
  24  2:26  Warp Gate  
  25  2:33  Probe  
  26  2:51  Probe  
  27  2:53  Assimilator  
  27  2:57  Pylon  
  27  2:58  Probe  
  28  3:05  Probe  
  29  3:10  Robotics Facility  
  29  3:12  Probe  
  30  3:15  Probe  
  31  3:27  Probe  
  32  3:29  Zealot  
  32  3:30  Probe  
  35  3:41  Probe  
  36  3:48  Probe  
  37  3:56  Observer, Probe  
  39  4:03  Probe  
  40  4:10  Observer, Probe  
  40  4:15  Assimilator  
  42  4:17  Probe  
  43  4:25  Probe  
  44  4:32  Probe  
  44  4:36  Pylon  
  45  4:39  Probe  
  45  4:44  Sentry  
  48  4:46  Probe  
  49  4:53  Probe  
  50  7:33  Probe  
  50  7:39  Stalker  
  50  7:40  Pylon  
  43  7:44  Probe  
  43  7:47  Probe  
  38  8:01  Probe  
  38  8:04  Pylon  
  36  8:07  Zealot  
  36  8:09  Probe  
  38  8:18  Probe  
  39  8:26  Probe  
  39  8:34  Probe  
  39  8:36  Immortal  
  44  8:45  Probe  
  45  8:53  Nexus  
  45  8:58  Probe  
  46  9:05  Stalker  
  48  9:10  Probe  
  49  9:22  Probe  
  38  9:33  Zealot  
  38  9:34  Probe  
  39  9:46  Probe  
  40  9:56  Probe  
  41  10:04  Probe  
  41  10:12  Probe  
  43  10:16  Probe  
  44  10:49  Zealot  
  46  10:54  Warp Prism  
  46  11:02  Gateway  
  46  11:03  Robotics Bay  
  48  11:05  Stargate  
  48  11:18  Warp Prism  
  48  11:24  Sentry  
  51  11:51  Gravitic Boosters  
  51  11:52  Observer, Gateway  
  47  11:59  Stalker  
  50  12:14  Observer  
  50  12:26  Nexus, Probe  
  50  12:27  Void Ray  
  50  12:30  Assimilator  
  50  12:33  Assimilator, Probe  
  46  12:40  Probe  
  37  12:44  Observer  
  37  12:50  Pylon  
  28  12:52  Probe  
  28  12:55  Nexus  
  22  13:04  Probe  
  26  13:10  Gateway  
  19  13:16  Probe  
  19  13:17  Pylon  
  6  13:28  Zealot  
Show
View Real Time Build Order
Export as new Build Order

Cyanine Terran - Winner!

Build Orders: Reaper Expand 

Get SALT Encoding   

  12  0:00  SCV  
  13  0:12  SCV  
  14  0:17  Supply Depot  
  14  0:24  SCV  
  15  0:38  SCV  
  15  0:39  Barracks  
  16  0:43  Refinery  
  16  0:50  SCV  
  17  1:03  SCV  
  18  1:15  SCV  
  19  1:26  Reaper  
  19  1:27  Orbital Command  
  20  1:39  Command Center  
  20  1:48  Supply Depot  
  20  1:52  SCV  
  21  1:58  Marine  
  22  2:05  SCV  
  22  2:07  Barracks  
  23  2:14  Barracks  
  23  2:17  SCV  
  23  2:19  Barracks Reactor  
  24  2:29  SCV  
  25  2:41  SCV  
  26  2:51  Orbital Command  
  26  2:53  SCV  
  26  2:54  Barracks Tech Lab  
  27  3:00  Marine x2, Engineering Bay  
  27  3:02  Marine  
  27  3:05  SCV  
  31  3:13  Stimpack, Marine  
  31  3:17  SCV x2  
  31  3:18  Marine x2  
  36  3:20  Barracks Tech Lab  
  36  3:27  Terran Infantry Weapons Level 1  
  36  3:29  Missile Turret, SCV x2  
  36  3:31  Marine  
  39  3:35  Supply Depot  
  39  3:36  Marine x2  
  41  3:41  SCV x2  
  41  3:42  Marine  
  41  3:46  Supply Depot  
  44  3:48  Marine  
  44  3:51  Combat Shield  
  44  3:54  SCV  
  46  3:57  SCV, Marine x2  
  46  3:58  Supply Depot  
  49  4:04  Bunker  
  49  4:06  SCV  
  49  4:07  Marine x2  
  49  4:09  SCV  
  53  4:14  Marine x2  
  55  4:18  SCV  
  55  4:20  Supply Depot  
  55  4:21  SCV  
  57  4:25  Marauder x2  
  57  4:26  Missile Turret  
  57  4:30  SCV  
  62  4:32  Marine x2  
  62  4:33  SCV  
  65  4:45  SCV x2  
  66  4:46  Marine x2  
  66  4:47  Refinery  
  66  4:48  Factory  
  66  4:50  Marine x2  
  71  5:00  Supply Depot  
  71  5:03  Command Center, SCV x2  
  71  5:06  Marine x2  
  75  5:13  Barracks  
  75  5:14  Barracks  
  74  5:15  SCV x2  
  76  5:24  Marine x2  
  76  5:25  Marine x2  
  80  5:30  Supply Depot  
  80  5:31  SCV x2  
  80  5:34  Refinery  
  80  5:35  Starport  
  82  5:36  Factory Reactor, Refinery  
  82  5:42  Marauder  
  84  5:43  Marauder  
  84  5:47  Supply Depot  
  86  5:52  SCV x2, Marine x2  
  86  5:54  Supply Depot  
  90  6:02  Barracks Tech Lab  
  90  6:03  Barracks Reactor  
  90  6:04  SCV x2  
  90  6:08  Marine x2  
  94  6:16  SCV x2  
  96  6:18  Marine x2  
  98  6:26  Bunker, Factory Reactor  
  98  6:29  Supply Depot  
  98  6:30  SCV, Supply Depot  
  98  6:31  SCV  
  100  6:33  Medivac x2, Marauder x3  
  100  6:37  Orbital Command  
  110  6:43  SCV x2  
  112  6:47  Marine x4  
  112  6:53  Supply Depot  
  116  6:54  Marauder x2, Terran Infantry Armor Level 1, Supply Depot  
  116  6:55  SCV x2  
  116  6:58  Armory  
  122  7:03  Medivac  
  124  7:13  SCV  
  124  7:14  SCV x2  
  127  7:15  Refinery  
  127  7:16  Refinery  
  127  7:17  Supply Depot  
  127  7:18  Supply Depot  
  127  7:20  Marine x2  
  127  7:21  Marauder, Marine x2  
  127  7:22  Medivac  
  135  7:23  Marauder  
  135  7:24  Marauder  
  135  7:25  SCV  
  135  7:26  SCV  
  135  7:28  SCV  
  142  7:32  Engineering Bay  
  142  7:38  SCV x2, Engineering Bay  
  142  7:43  Marauder  
  146  7:45  Marauder  
  146  7:47  SCV  
  146  7:50  SCV  
  152  7:51  Marauder, Marine x4  
  152  7:53  Supply Depot  
  152  7:55  Supply Depot  
  152  7:58  Medivac x2  
  160  7:59  Concussive Shells, Widow Mine x2  
  160  8:01  Terran Infantry Weapons Level 2  
  164  8:07  Command Center  
  164  8:08  SCV x2  
  164  8:09  SCV  
  167  8:15  Supply Depot  
  167  8:20  Supply Depot  
  167  8:25  Marine x3  
  167  8:26  Marauder x3, Marine  
  175  8:28  Medivac x2  
  175  8:32  SCV x3  
  182  8:45  Marine x4  
  182  8:48  Marauder x3  
  192  8:52  Barracks  
  192  8:53  Barracks  
  192  8:55  Barracks  
  192  9:06  Terran Infantry Armor Level 2  
  192  9:07  Terran Ship Weapons Level 1  
  192  9:17  Supply Depot, Ghost Academy  
  188  9:37  Starport  
  188  9:38  Fusion Core  
  188  9:40  Command Center  
  188  9:41  Barracks Tech Lab  
  188  9:42  Barracks Reactor x2  
  188  9:45  Planetary Fortress  
  188  9:50  Refinery  
  188  9:52  Refinery  
  188  10:01  Missile Turret  
  188  10:04  Missile Turret  
  188  10:17  Missile Turret  
  188  10:21  Terran Infantry Weapons Level 3  
  188  10:36  Starport Reactor  
  188  10:37  Advanced Ballistics  
  188  10:53  Personal Cloaking  
  188  11:04  Terran Ship Weapons Level 2  
  188  11:14  Liberator x4  
  200  11:27  Command Center x2  
  200  11:49  Caduceus Reactor  
  200  12:04  Planetary Fortress  
  200  12:22  Command Center  
  200  12:24  Missile Turret  
  200  12:50  Orbital Command  
  200  13:06  Command Center x2  
  200  13:23  Unknown  
Tags
 
Add a new tag
Caveats
  • Supply blocks, unpowered buildings, or Contaminate may cause inaccurate times.
  • Supply counts are checked every 10 seconds.